 Dungeon Crawl Stone Soup version 0.31-a0-859-g9dce7d3444 (webtiles) character file.

Game seed: 9873877067475279094

1045 Newt the Skirmisher (level 8, 0/49 HPs)
             Began as a Kobold Hunter on Oct 9, 2023.
             Was an Initiate of Hepliaklqana.
             Slain by a sleepcap (3 damage)
             ... on level 6 of the Dungeon.
             The game lasted 00:05:34 (5785 turns).

Newt the Skirmisher (Kobold Hunter)                 Turns: 5785, Time: 00:05:35

Health: 0/49       AC:  3    Str:  8    XL:     8   Next: 50%
Magic:  8/8        EV: 14    Int: 11    God:    Hepliaklqana [......]
Gold:   197        SH:  0    Dex: 20    Spells: 7/7 levels left

rFire   . . .        a - +1 shortbow
rCold   . . .        (shield currently unavailable)
rNeg    . . .        c - +0 leather armour
rPois   .            (helmet currently unavailable)
rElec   .            (cloak currently unavailable)
rCorr   .            o - melded +1 pair of gloves
SInv    .            t - melded +0 pair of boots
Will    .....        j - amulet of regeneration
Stlth   +++          (no ring)
HPRegen 1.08/turn    (no ring)
MPRegen 0.11/turn

%: no passive effects
@: beast-form
A: beast (slay +2), small, no large weapons, nightstalker 3
a: Begin Untransformation, Renounce Religion


You were on level 6 of the Dungeon.
You worshipped Hepliaklqana.
Hepliaklqana was noncommittal.
You were a hulking beast.
You visited 2 branches of the dungeon, and saw 7 of its levels.
You also visited: Sewer.

You collected 319 gold pieces.
You spent 122 gold pieces at shops.

Inventory:

Hand Weapons
 a - a +1 shortbow (weapon)
Armour
 c - a +0 leather armour (worn)
 o - a +1 pair of gloves (melded)
 t - a +0 pair of boots (melded)
Jewellery
 j - an amulet of regeneration (around neck)
Talismans
 e - a beast talisman (active)
Wands
 p - a wand of digging (7)
 r - a wand of polymorph (7)
Scrolls
 b - a scroll of butterflies
 h - 2 scrolls of teleportation
 s - a scroll of amnesia
 u - 3 scrolls of noise {unknown}
Potions
 d - 2 potions of cancellation {unknown}
 f - 3 potions of heal wounds
 g - 2 potions of might {unknown}
 i - a potion of magic
 k - 2 potions of curing
 l - a potion of attraction
 m - a potion of resistance
 n - 2 potions of haste {unknown}
 q - 2 potions of enlightenment {unknown}
 v - a potion of lignification


   Skills:
 - Level 5.0 Fighting
 - Level 10.0 Ranged Weapons
 - Level 2.4 Dodging
 - Level 1.3 Stealth
 + Level 4.7 Shapeshifting


You had 7 spell levels left.
You didn't know any spells.
Your spell library contained the following spells:

 Spells                   Type           Power      Damage    Failure   Level
 Apportation              Tloc           0%         N/A       45%         1
 Necrotise                Necr           0%         1d4       45%         1
 Summon Small Mammal      Summ           0%         N/A       45%         1
 Call Canine Familiar     Summ           0%         N/A       83%         3
 Summon Guardian Golem    Hex/Summ       0%         N/A       83%         3


Dungeon Overview and Level Annotations

Branches:
Dungeon (6/15)             Temple (1/1) D:5           Sewer (visited)

Altars:
Ashenzari
Cheibriados
Dithmenos
Elyvilon
Gozag
Hepliaklqana
Kikubaaqudgha
Nemelex Xobeh
Okawaru
Qazlal
Ru
Sif Muna
Trog
Uskayaw
Vehumet
Zin
The Shining One

Shops:
D:6 *((


Innate Abilities, Weirdness & Mutations

You are a hulking beast.
Your limbs bulge with bestial killing power. (Slay +2)
You are small and have problems with some larger weapons.
You are completely attuned to the shadows.


Message History

The sleepcap is moderately damaged.
The centaur shoots an arrow.
The arrow closely misses you. The orc closely misses you.
The centaur shoots an arrow.
The arrow closely misses you.
You shoot an arrow. The arrow hits the sleepcap.
The sleepcap is heavily damaged.
The orc hits you from afar with a +0 trident!
An orc warrior comes into view. It is wielding a +0 glaive.
The sleepcap closely misses you.
You shoot an arrow. The arrow hits the sleepcap!
The sleepcap is almost destroyed.
The centaur unwields a +0 orcbow.
The centaur hits you. The centaur closely misses you.
The orc hits you but does no damage. The sleepcap releases spores at you.
You are engulfed in a cloud of soporific spores!
You fall asleep.
The centaur hits you.
You wake up.
The centaur kicks you but does no damage.
The orc hits you from afar with a +0 trident.
The sleepcap releases spores at you.
You are engulfed in a cloud of soporific spores!
You are unaffected.
The centaur hits you.
The centaur kicks you but does no damage.
You are too injured to fight recklessly!
There are monsters nearby!
Unknown command.
Unknown command.
The centaur wields a +0 orcbow.
The centaur shoots an arrow.
The arrow misses you. The sleepcap attacks as it pursues you!
The sleepcap closely misses you.
There is an entrance to Guef's Antique Weapon Boutique here.
The orc warrior attacks as it pursues you!
The orc warrior barely misses you. The sleepcap attacks as it pursues you!
The sleepcap closely misses you.
The centaur throws a stone.
The stone hits you.
The orc warrior attacks as it pursues you!
The orc warrior hits you from afar with a +0 glaive!
* * * LOW HITPOINT WARNING * * *
The sleepcap attacks as it pursues you! The sleepcap releases spores at you.
You die...

#....# #.)..# #....#
#....# #...o# #..o∩#
#..c.# #...f# #...h#
#....####.
#....'....
######....#####
##.............
#.........#####
#8..#.......#
####<....###.#.###.#
.#
#.8.∩.8..##....#...#
.#


You could see an orc warrior, a sleepcap, a centaur and an orc.

Vanquished Creatures
  An ice beast (D:5)
  A phantom (D:5)
  3 scorpions
  A howler monkey (D:5)
  2 hounds
  2 jellies
  2 orc priests
  Terence (D:3)
  5 iguanas
  2 sleepcaps
  2 orc wizards (D:4)
  4 river rats
  7 adders
  2 worms (D:3)
  9 orcs (D:4)
  12 ball pythons
  8 endoplasms
  6 giant cockroaches
  7 goblins
  5 hobgoblins
  8 jackals
  4 quokkas
  2 bats (D:1)
  9 frilled lizards
  22 kobolds
  32 rats
159 creatures vanquished.

Notes
Turn   | Place    | Note
-------+----------+-------------------------------------------
     0 | D:1      | Newt the Kobold Hunter began the quest for the Orb.
     0 | D:1      | Reached XP level 1. HP: 12/12 MP: 1/1
    20 | D:1      | Found a faded altar of an unknown god.
    99 | D:1      | Reached XP level 2. HP: 18/18 MP: 2/2
   318 | D:1      | Reached XP level 3. HP: 23/23 MP: 3/3
  1428 | D:2      | Reached XP level 4. HP: 20/30 MP: 4/4
  1727 | D:3      | Found a glowing golden altar of the Shining One.
  1730 | D:3      | Found a sacrificial altar of Ru.
  1735 | D:3      | Found a radiant altar of Vehumet.
  1750 | D:3      | Found a glowing drain.
  1782 | Sewer    | Entered a sewer
  1867 | Sewer    | Reached skill level 5 in Fighting
  1936 | Sewer    | Reached XP level 5. HP: 35/35 MP: 5/5
  2014 | Sewer    | Reached skill level 6 in Ranged Weapons
  2501 | D:3      | Noticed Terence
  2545 | D:3      | Found a bloodstained altar of Trog.
  2658 | D:3      | Reached skill level 7 in Ranged Weapons
  2817 | D:3      | Killed Terence
  2818 | D:3      | Reached XP level 6. HP: 40/40 MP: 6/6
  3193 | D:4      | Reached skill level 8 in Ranged Weapons
  3506 | D:4      | Reached XP level 7. HP: 23/44 MP: 7/7
  3632 | D:4      | Reached skill level 9 in Ranged Weapons
  3741 | D:4      | Found a shimmering blue altar of Sif Muna.
  4419 | D:5      | Entered Level 5 of the Dungeon
  4424 | D:5      | Reached skill level 10 in Ranged Weapons
  4604 | D:5      | Reached skill level 1 in Shapeshifting
  4613 | D:5      | Found a staircase to the Ecumenical Temple.
  4623 | Temple   | Entered the Ecumenical Temple
  4638 | D:5      | Reached XP level 8. HP: 42/49 MP: 8/8
  4756 | D:5      | Identified the +6 dagger of Yteruale {heavy, rElec rC+
                  | Will+}
  5017 | D:5      | Found an iron altar of Okawaru.
  5540 | D:6      | Found a hazy altar of Hepliaklqana.
  5582 | D:6      | Became a worshipper of Hepliaklqana the Forgotten
  5725 | D:6      | Found Olageg's Assorted Antiques.
  5731 | D:6      | Bought a scroll of identify for 50 gold pieces
  5731 | D:6      | Bought a metallic clear potion for 22 gold pieces
  5731 | D:6      | Bought a scroll of identify for 50 gold pieces
  5747 | D:6      | Found Bitrifer's Weapon Shop.
  5767 | D:6      | Found Guef's Antique Weapon Boutique.
  5784 | D:6      | HP: 2/49 [orc warrior/+0 glaive (14)]
  5785 | D:6      | Slain by a sleepcap

Illustrated notes

Levels and vault maps discovered:
D:1:      dreamdust_arrival_sigmund_warning, layout_loops_cross,
          basic_ecumenical_altar
D:2:      wad_pebble_path, layout_basic, serial_glass, glass_columns_a,
          glass_columns_a, moated_statue
D:3:      layout_basic, grunt_temple_overflow_open, portal_sewer_entry_a,
          minmay_misc_feat_tiny, uniq_terence
D:4:      layout_basic, led_sif_book
D:5:      layout_loops_ring, marbit_many_paths, minmay_temple_entry_sparse_star
D:6:      layout_basic, xom_teletrap_fun, lemuel_crystal_altar,
          lemuel_doored_altar, serial_shops, shop, nicolae_shop_statue_plus,
          shop, nicolae_shop_advertising_works [nicolae_subvault_shop_adworks],
          shop, minmay_parallelograms
Temple:   nicolae_temple_bog_church

Skill      XL: |  1  2  3  4  5  6  7  8 |
---------------+-------------------------+-----
Fighting       | 3 4 5 |  5.0
Ranged Weapons | 7 8 10 | 10.0
Shapeshifting  | 2 4 |  4.7
Dodging        | |  2.4
Stealth        | |  1.3

Action                     |  1- 3 |  4- 6 |  7- 9 || total
---------------------------+-------+-------+-------++-------
  Melee: Unarmed           |       |     4 |       ||     4
   Fire: Shortbow          |   100 |   221 |   176 ||   497
    Use: Scroll            |     3 |     4 |     6 ||    13
         Potion            |       |     1 |     1 ||     2
 Armour: Leather armour    |    22 |    65 |    52 ||   139
         Skin              |       |     2 |       ||     2
  Dodge: Dodged            |    49 |    69 |    58 ||   176
   Form: Beast             |       |       |     1 ||     1

Table legend: (Time is in decaauts)
 A = Elapsed time spent in this place.
 B = Non-inter-level travel time spent in this place.
 C = Inter-level travel time spent in this place.
 D = Time resting spent in this place.
 E = Time spent auto-exploring this place.
 F = Levels seen in this place.
 G = Mean time per level.
                   A        B        C        D        E       F      G
               +--------+--------+--------+--------+--------+-----+--------+
         Total |   5821 |   5581 |    240 |    565 |   4132 |   8 |  727.6 |
       Dungeon |   5335 |   5096 |    239 |    565 |   3812 |   6 |  889.2 |
        Temple |      1 |      0 |      1 |      0 |      0 |   1 |    1.0 |
         Sewer |    484 |    484 |      0 |      0 |    320 |   1 |  484.0 |
               +--------+--------+--------+--------+--------+-----+--------+

Top non-repeatable levels by time:
     D:4: 1276 daAuts
     D:3: 981 daAuts
     D:5: 886 daAuts
     D:1: 876 daAuts
     D:2: 839 daAuts
   Sewer: 484 daAuts
     D:6: 475 daAuts
  Temple: 1 daAuts
